Sabres vs Panthers

Created - October 7 2009 at 18:49

Simulating a Pre-Season

Goals
1 2 3 T
Sabres 0 2 0 2
Panthers 3 0 1 4
Shots
1 2 3 T
Sabres 3 19 4 26
Panthers 13 7 10 30

Period #1

1. Panthers , Anze Kopitar 1 (Brent Burns, Patrick O'Sullivan) at 5:59
2. Panthers , Maxim Afinogenov 1 (Craig Rivet, Andy McDonald) at 15:37
3. Panthers , Brent Burns 1 (Steven Goertzen, Jason Chimera) at 18:18 (PP)

Penalties :
Ossi Vaananen (BUF) for Hooking (Minor) at 2:01, Jason Smith (FLA) for Roughing (Minor) at 11:14, Mark Streit (BUF) for Hooking (Minor) at 17:22, Ossi Vaananen (BUF) for Roughing (Minor) at 18:39

Period #2

4. Sabres , Tuomo Ruutu 1 (Zdeno Chara, Henrik Zetterberg) at 13:15
5. Sabres , Derek Roy 2 (Johan Franzen, Mark Streit) at 13:58

Penalties :
Marc Methot (FLA) for Roughing (Minor) at 0:21, Ossi Vaananen (BUF) for Hooking (Minor) at 3:23, Craig Rivet (FLA) for Interference (Minor) at 10:21, Anze Kopitar (FLA) for Hooking (Minor) at 13:28, Zdeno Chara (BUF) for Hooking (Minor) at 13:28, Marc Methot (FLA) for Interference (Minor) at 15:43, Mike Fisher (BUF) for High sticking (Minor) at 15:43, Paul Gaustad (BUF) for Roughing (Minor) at 19:11

Period #3

6. Panthers , Mike Knuble 1 (Jaroslav Spacek, Christian Ehrhoff) at 4:21 (PP)

Penalties :
Martin Havlat (BUF) for Tripping (Minor) at 0:45, Tuomo Ruutu (BUF) for Hooking (Minor) at 3:53, Tuomo Ruutu (BUF) for Tripping (Minor) at 4:42, Toni Lydman (BUF) for Cross-checking (Minor) at 7:17, Ossi Vaananen (BUF) for Hooking (Minor) at 9:46, Ossi Vaananen (BUF) for Interference (Minor) at 12:35

Goalie Stats

Ryan Miller (BUF), 26 saves from 30 shots - (0.867), L, 3-1-0, 60:00 minutes
Niklas Backstrom (FLA), 24 saves from 26 shots - (0.923), W, 2-1-0, 60:00 minutes

Players Stats

Sabres
Player Name              G  A  P  +/- PIM S  H  SB FO    MP 
------------------------------------------------------------
Blake Comeau             0  0  0   0  0   0  0  0  0/0   1  
Derek Roy                1  0  1   1  0   3  0  0  9/17  22 
Henrik Zetterberg        0  1  1  -1  0   4  1  0  25/37 22 
James Sheppard           0  0  0   0  0   0  0  0  0/0   0  
Jiri Novotny             0  0  0   0  0   0  0  0  0/0   0  
Johan Franzen            0  1  1   0  0   2  2  1  6/16  21 
Keith Ballard            0  0  0   1  0   0  2  1  0/0   22 
Mark Streit              0  1  1   1  2   3  0  1  0/0   22 
Martin Havlat            0  0  0  -1  2   2  1  0  0/1   21 
Mike Fisher              0  0  0   0  2   2  2  1  8/15  16 
Nathan Horton            0  0  0   0  0   2  0  0  1/1   16 
Nicklas Lidstrom         0  0  0  -1  0   0  0  1  0/0   23 
Ossi Vaananen            0  0  0   0  10  1  0  0  0/0   16 
Paul Gaustad             0  0  0   0  2   1  4  0  0/0   16 
Thomas Vanek             0  0  0   0  0   1  1  0  0/1   10 
Toni Lydman              0  0  0   0  2   0  1  2  0/0   17 
Tuomo Ruutu              1  0  1   0  4   5  0  0  0/3   12 
Zdeno Chara              0  1  1  -1  2   0  0  0  0/0   22 
Panthers
Player Name              G  A  P  +/- PIM S  H  SB FO    MP 
------------------------------------------------------------
Andy McDonald            0  1  1   1  0   0  0  0  9/19  16 
Anze Kopitar             1  0  1   1  2   8  0  0  12/22 20 
Brent Burns              1  1  2   0  0   4  0  1  0/0   22 
Bryan Little             0  0  0   0  0   3  0  0  2/5   18 
Christian Ehrhoff        0  1  1   0  0   2  0  1  0/0   20 
Craig Rivet              0  1  1   0  2   0  2  1  0/0   17 
Jaroslav Spacek          0  1  1  -1  0   2  2  1  0/0   23 
Jason Chimera            0  1  1   0  0   0  1  0  0/1   10 
Jason Smith              0  0  0   0  2   0  2  1  0/0   14 
Jim Slater               0  0  0  -1  0   0  1  0  1/1   10 
Josh Bailey              0  0  0   0  0   3  1  0  7/16  14 
Marc Methot              0  0  0   0  4   1  2  1  0/0   18 
Maxim Afinogenov         1  0  1   1  0   2  1  0  3/6   17 
Michael Peca             0  0  0  -1  0   1  0  0  6/16  10 
Mike Knuble              1  0  1   0  0   3  2  0  1/2   19 
Nick Schultz             0  0  0   1  0   0  2  4  0/0   13 
Patrick O'Sullivan       0  1  1   1  0   0  2  0  1/2   22 
Steven Goertzen          0  1  1  -1  0   1  2  0  0/1   8  

3 Stars

1 - Brent Burns (FLA)
2 - Maxim Afinogenov (FLA)
3 - Derek Roy (BUF)

Power Play

Sabres - 0 on 3 Attempt(s) - 0.00%
Panthers - 2 on 11 Attempt(s) - 18.18%

Penalty Kill

Sabres - 9 on 11 Attempt(s) - 81.82% - Score 0 goal in Penalty Kill
Panthers - 3 on 3 Attempt(s) - 100.00% - Score 0 goal in Penalty Kill

Game Notes

No Game Note

Play by Play

Period #1

0:01 of 1st period - Henrik Zetterberg wins face-off versus Anze Kopitar in neutral zone.
0:06 of 1st period - Brent Burns is hit by Henrik Zetterberg and loses puck.
0:22 of 1st period - Martin Havlat is hit by Jaroslav Spacek and loses puck.
0:29 of 1st period - Shot by Tuomo Ruutu.
0:29 of 1st period - Shot Misses the Net.
0:31 of 1st period - Shot by Zdeno Chara.
0:31 of 1st period - Shot Misses the Net.
0:54 of 1st period - Icing by Jaroslav Spacek.
0:55 of 1st period - Anze Kopitar wins face-off versus Derek Roy in Panthers zone.
0:55 of 1st period - Anze Kopitar is hit by Johan Franzen.
1:30 of 1st period - Icing by Keith Ballard.
1:31 of 1st period - Derek Roy wins face-off versus Josh Bailey in Sabres zone.
1:43 of 1st period - Off-side.
1:44 of 1st period - Mike Fisher wins face-off versus Michael Peca in neutral zone.
2:01 of 1st period - Minor Penalty to Ossi Vaananen for Hooking.
2:02 of 1st period - Andy McDonald wins face-off versus Henrik Zetterberg in Sabres zone.
2:35 of 1st period - Shot by Brent Burns.
2:35 of 1st period - Stopped by Ryan Miller without a rebound.
2:36 of 1st period - Henrik Zetterberg wins face-off versus Anze Kopitar in Sabres zone.
2:36 of 1st period - Henrik Zetterberg is hit by Patrick O'Sullivan.
2:50 of 1st period - Derek Roy is hit by Patrick O'Sullivan and loses puck.
3:45 of 1st period - Nicklas Lidstrom is hit by Maxim Afinogenov and loses puck.
3:52 of 1st period - Shot by Marc Methot.
3:52 of 1st period - Stopped by Ryan Miller with a rebound.
3:54 of 1st period - Shot by Bryan Little.
3:54 of 1st period - Stopped by Ryan Miller without a rebound.
3:55 of 1st period - Anze Kopitar wins face-off versus Johan Franzen in Sabres zone.
3:56 of 1st period - Shot by Christian Ehrhoff.
3:56 of 1st period - Shot Misses the Net.
3:58 of 1st period - Shot by Anze Kopitar.
3:58 of 1st period - Stopped by Ryan Miller without a rebound.
3:59 of 1st period - Anze Kopitar wins face-off versus Johan Franzen in Sabres zone.
4:41 of 1st period - Nathan Horton is hit by Nick Schultz and loses puck.
5:16 of 1st period - Brent Burns is hit by Paul Gaustad.
5:20 of 1st period - Shot by Mike Knuble.
5:20 of 1st period - Stopped by Ryan Miller without a rebound.
5:21 of 1st period - Derek Roy wins face-off versus Josh Bailey in Sabres zone.
5:33 of 1st period - Shot by Anze Kopitar.
5:33 of 1st period - Stopped by Ryan Miller without a rebound.
5:34 of 1st period - Anze Kopitar wins face-off versus Tuomo Ruutu in Sabres zone.
5:59 of 1st period - Shot by Anze Kopitar.
5:59 of 1st period - Goal by Anze Kopitar - Sabres : 0 - Panthers : 1.
6:00 of 1st period - Derek Roy wins face-off versus Josh Bailey in neutral zone.
8:18 of 1st period - Shot by Anze Kopitar.
8:18 of 1st period - Shot Misses the Net.
8:22 of 1st period - Shot by Brent Burns.
8:22 of 1st period - Stopped by Ryan Miller with a rebound.
8:24 of 1st period - Shot by Mike Knuble.
8:24 of 1st period - Deflect By Anze Kopitar.
8:24 of 1st period - Shot Misses the Net.
8:42 of 1st period - Shot by Anze Kopitar.
8:42 of 1st period - Shot Misses the Net.
9:08 of 1st period - Shot by Josh Bailey.
9:08 of 1st period - Stopped by Ryan Miller with a rebound.
9:10 of 1st period - Shot by Josh Bailey.
9:10 of 1st period - Stopped by Ryan Miller without a rebound.
9:11 of 1st period - Henrik Zetterberg wins face-off versus Michael Peca in Sabres zone.
9:32 of 1st period - Icing by Christian Ehrhoff.
9:33 of 1st period - Derek Roy wins face-off versus Michael Peca in Panthers zone.
9:42 of 1st period - Shot by Thomas Vanek.
9:42 of 1st period - Stopped by Niklas Backstrom without a rebound.
9:43 of 1st period - Derek Roy wins face-off versus Jason Chimera in Panthers zone.
9:43 of 1st period - Johan Franzen is hit by Jason Smith and loses puck.
9:52 of 1st period - Shot by Thomas Vanek.
9:52 of 1st period - Shot Misses the Net.
10:00 of 1st period - Shot by Derek Roy.
10:00 of 1st period - Stopped by Niklas Backstrom without a rebound.
10:01 of 1st period - Anze Kopitar wins face-off versus Tuomo Ruutu in Panthers zone.
10:46 of 1st period - Shot by Maxim Afinogenov.
10:46 of 1st period - Stopped by Ryan Miller with a rebound.
10:59 of 1st period - Off-side.
11:00 of 1st period - Derek Roy wins face-off versus Josh Bailey in neutral zone.
11:00 of 1st period - Derek Roy is hit by Josh Bailey.
11:13 of 1st period - Derek Roy is hit by Marc Methot and loses puck.
11:14 of 1st period - Minor Penalty to Jason Smith for Roughing.
11:15 of 1st period - Michael Peca wins face-off versus Derek Roy in Panthers zone.
11:15 of 1st period - Nick Schultz is hit by Paul Gaustad and loses puck.
12:30 of 1st period - Shot by Nicklas Lidstrom.
12:30 of 1st period - Shot Misses the Net.
12:34 of 1st period - Shot by Henrik Zetterberg.
12:34 of 1st period - Shot Hit the Post.
12:45 of 1st period - Icing by Mark Streit.
12:46 of 1st period - Derek Roy wins face-off versus Josh Bailey in Sabres zone.
15:22 of 1st period - Shot by Mike Fisher.
15:22 of 1st period - Shot Blocked by Brent Burns.
15:26 of 1st period - Shot by Tuomo Ruutu.
15:26 of 1st period - Stopped by Niklas Backstrom without a rebound.
15:27 of 1st period - Andy McDonald wins face-off versus Henrik Zetterberg in Panthers zone.
15:27 of 1st period - Andy McDonald is hit by Martin Havlat.
15:37 of 1st period - Shot by Maxim Afinogenov.
15:37 of 1st period - Goal by Maxim Afinogenov - Sabres : 0 - Panthers : 2.
15:38 of 1st period - Andy McDonald wins face-off versus Mike Fisher in neutral zone.
15:51 of 1st period - Shot by Nathan Horton.
15:51 of 1st period - Deflect By Mike Fisher.
15:51 of 1st period - Shot Blocked by Nick Schultz.
16:05 of 1st period - Icing by Nick Schultz.
16:06 of 1st period - Henrik Zetterberg wins face-off versus Andy McDonald in Panthers zone.
17:22 of 1st period - Minor Penalty to Mark Streit for Hooking.
17:23 of 1st period - Henrik Zetterberg wins face-off versus Mike Knuble in Sabres zone.
18:18 of 1st period - Shot by Brent Burns.
18:18 of 1st period - Goal by Brent Burns - Sabres : 0 - Panthers : 3.
18:19 of 1st period - Mike Fisher wins face-off versus Michael Peca in neutral zone.
18:32 of 1st period - Shot by Steven Goertzen.
18:32 of 1st period - Shot Misses the Net.
18:39 of 1st period - Minor Penalty to Ossi Vaananen for Roughing.
18:40 of 1st period - Johan Franzen wins face-off versus Andy McDonald in Sabres zone.
19:50 of 1st period - Icing by Anze Kopitar.
19:51 of 1st period - Anze Kopitar wins face-off versus Tuomo Ruutu in Panthers zone.

Period #2

0:01 of 2nd period - Henrik Zetterberg wins face-off versus Anze Kopitar in neutral zone.
0:13 of 2nd period - Icing by Christian Ehrhoff.
0:14 of 2nd period - Henrik Zetterberg wins face-off versus Anze Kopitar in Panthers zone.
0:19 of 2nd period - Shot by Henrik Zetterberg.
0:19 of 2nd period - Stopped by Niklas Backstrom without a rebound.
0:20 of 2nd period - Johan Franzen wins face-off versus Andy McDonald in Panthers zone.
0:20 of 2nd period - Johan Franzen is hit by Marc Methot.
0:21 of 2nd period - Minor Penalty to Marc Methot for Roughing.
0:22 of 2nd period - Anze Kopitar wins face-off versus Henrik Zetterberg in Panthers zone.
0:37 of 2nd period - Shot by Patrick O'Sullivan.
0:37 of 2nd period - Deflect By Anze Kopitar.
0:37 of 2nd period - Stopped by Ryan Miller without a rebound.
0:38 of 2nd period - Johan Franzen wins face-off versus Bryan Little in Sabres zone.
0:56 of 2nd period - Icing by Johan Franzen.
0:57 of 2nd period - Michael Peca wins face-off versus Derek Roy in Sabres zone.
1:15 of 2nd period - Shot by Keith Ballard.
1:15 of 2nd period - Shot Blocked by Craig Rivet.
1:19 of 2nd period - Shot by Tuomo Ruutu.
1:19 of 2nd period - Stopped by Niklas Backstrom without a rebound.
1:20 of 2nd period - Henrik Zetterberg wins face-off versus Michael Peca in Panthers zone.
1:42 of 2nd period - Icing by Henrik Zetterberg.
1:43 of 2nd period - Henrik Zetterberg wins face-off versus Michael Peca in Sabres zone.
2:00 of 2nd period - Shot by Zdeno Chara.
2:00 of 2nd period - Shot Misses the Net.
2:02 of 2nd period - Shot by Zdeno Chara.
2:02 of 2nd period - Shot Misses the Net.
2:06 of 2nd period - Shot by Martin Havlat.
2:06 of 2nd period - Stopped by Niklas Backstrom with a rebound.
2:18 of 2nd period - Derek Roy is hit by Jim Slater and loses puck.
2:43 of 2nd period - Icing by Toni Lydman.
2:44 of 2nd period - Mike Fisher wins face-off versus Andy McDonald in Sabres zone.
2:51 of 2nd period - Icing by Ossi Vaananen.
2:52 of 2nd period - Josh Bailey wins face-off versus Mike Fisher in Sabres zone.
3:04 of 2nd period - Icing by Nathan Horton.
3:05 of 2nd period - Anze Kopitar wins face-off versus Mike Fisher in Sabres zone.
3:23 of 2nd period - Minor Penalty to Ossi Vaananen for Hooking.
3:24 of 2nd period - Andy McDonald wins face-off versus Johan Franzen in Sabres zone.
4:16 of 2nd period - Anze Kopitar is hit by Keith Ballard and loses puck.
4:40 of 2nd period - Off-side.
4:41 of 2nd period - Henrik Zetterberg wins face-off versus Andy McDonald in neutral zone.
5:00 of 2nd period - Shot by Brent Burns.
5:00 of 2nd period - Shot Misses the Net.
5:36 of 2nd period - Shot by Nathan Horton.
5:36 of 2nd period - Shot Misses the Net.
5:38 of 2nd period - Shot by Mike Fisher.
5:38 of 2nd period - Stopped by Niklas Backstrom with a rebound.
5:40 of 2nd period - Shot by Ossi Vaananen.
5:40 of 2nd period - Stopped by Niklas Backstrom without a rebound.
5:41 of 2nd period - Josh Bailey wins face-off versus Derek Roy in Panthers zone.
6:00 of 2nd period - Shot by Johan Franzen.
6:00 of 2nd period - Shot Blocked by Jason Smith.
6:02 of 2nd period - Shot by Thomas Vanek.
6:02 of 2nd period - Shot Misses the Net.
6:06 of 2nd period - Shot by Mark Streit.
6:06 of 2nd period - Stopped by Niklas Backstrom without a rebound.
6:07 of 2nd period - Mike Fisher wins face-off versus Steven Goertzen in Panthers zone.
7:13 of 2nd period - Shot by Henrik Zetterberg.
7:13 of 2nd period - Shot Misses the Net.
7:37 of 2nd period - Shot by Henrik Zetterberg.
7:37 of 2nd period - Stopped by Niklas Backstrom without a rebound.
7:38 of 2nd period - Andy McDonald wins face-off versus Derek Roy in Panthers zone.
7:38 of 2nd period - Anze Kopitar is hit by Thomas Vanek and loses puck.
7:45 of 2nd period - Shot by Johan Franzen.
7:45 of 2nd period - Shot Misses the Net.
7:47 of 2nd period - Shot by Derek Roy.
7:47 of 2nd period - Stopped by Niklas Backstrom with a rebound.
7:49 of 2nd period - Shot by Mark Streit.
7:49 of 2nd period - Stopped by Niklas Backstrom without a rebound.
7:50 of 2nd period - Anze Kopitar wins face-off versus Derek Roy in Panthers zone.
7:50 of 2nd period - Mike Knuble is hit by Johan Franzen and loses puck.
8:07 of 2nd period - Shot by Johan Franzen.
8:07 of 2nd period - Shot Misses the Net.
8:09 of 2nd period - Shot by Mark Streit.
8:09 of 2nd period - Stopped by Niklas Backstrom without a rebound.
8:10 of 2nd period - Henrik Zetterberg wins face-off versus Bryan Little in Panthers zone.
8:29 of 2nd period - Icing by Nicklas Lidstrom.
8:30 of 2nd period - Josh Bailey wins face-off versus Henrik Zetterberg in Sabres zone.
9:16 of 2nd period - Nathan Horton is hit by Jason Smith and loses puck.
9:42 of 2nd period - Shot by Mike Knuble.
9:42 of 2nd period - Shot Misses the Net.
9:46 of 2nd period - Shot by Jaroslav Spacek.
9:46 of 2nd period - Stopped by Ryan Miller with a rebound.
9:48 of 2nd period - Shot by Mike Knuble.
9:48 of 2nd period - Shot Misses the Net.
9:52 of 2nd period - Shot by Mike Knuble.
9:52 of 2nd period - Shot Blocked by Mike Fisher.
10:04 of 2nd period - Shot by Mike Knuble.
10:04 of 2nd period - Deflect By Anze Kopitar.
10:04 of 2nd period - Stopped by Ryan Miller with a rebound.
10:06 of 2nd period - Shot by Patrick O'Sullivan.
10:06 of 2nd period - Deflect By Anze Kopitar.
10:06 of 2nd period - Stopped by Ryan Miller with a rebound.
10:21 of 2nd period - Minor Penalty to Craig Rivet for Interference.
10:22 of 2nd period - Derek Roy wins face-off versus Michael Peca in Panthers zone.
10:43 of 2nd period - Shot by Tuomo Ruutu.
10:43 of 2nd period - Stopped by Niklas Backstrom with a rebound.
10:47 of 2nd period - Shot by Tuomo Ruutu.
10:47 of 2nd period - Stopped by Niklas Backstrom without a rebound.
10:48 of 2nd period - Henrik Zetterberg wins face-off versus Josh Bailey in Panthers zone.
10:58 of 2nd period - Shot by Zdeno Chara.
10:58 of 2nd period - Shot Hit the Post.
11:00 of 2nd period - Shot by Zdeno Chara.
11:00 of 2nd period - Shot Misses the Net.
11:02 of 2nd period - Shot by Henrik Zetterberg.
11:02 of 2nd period - Stopped by Niklas Backstrom without a rebound.
11:03 of 2nd period - Jim Slater wins face-off versus Henrik Zetterberg in Panthers zone.
11:09 of 2nd period - Icing by Henrik Zetterberg.
11:10 of 2nd period - Michael Peca wins face-off versus Martin Havlat in Sabres zone.
11:42 of 2nd period - Icing by Zdeno Chara.
11:43 of 2nd period - Michael Peca wins face-off versus Henrik Zetterberg in Sabres zone.
12:29 of 2nd period - Mike Fisher is hit by Nick Schultz and loses puck.
12:45 of 2nd period - Off-side.
12:46 of 2nd period - Derek Roy wins face-off versus Josh Bailey in neutral zone.
13:05 of 2nd period - Shot by Thomas Vanek.
13:05 of 2nd period - Shot Misses the Net.
13:07 of 2nd period - Shot by Johan Franzen.
13:07 of 2nd period - Stopped by Niklas Backstrom without a rebound.
13:08 of 2nd period - Henrik Zetterberg wins face-off versus Michael Peca in Panthers zone.
13:08 of 2nd period - Zdeno Chara is hit by Craig Rivet and loses puck.
13:15 of 2nd period - Shot by Tuomo Ruutu.
13:15 of 2nd period - Goal by Tuomo Ruutu - Sabres : 1 - Panthers : 3.
13:16 of 2nd period - Anze Kopitar wins face-off versus Derek Roy in neutral zone.
13:28 of 2nd period - Minor Penalty to Anze Kopitar for Hooking.
13:28 of 2nd period - Minor Penalty to Zdeno Chara for Hooking.
13:29 of 2nd period - Johan Franzen wins face-off versus Bryan Little in Sabres zone.
13:58 of 2nd period - Shot by Derek Roy.
13:58 of 2nd period - Goal by Derek Roy - Sabres : 2 - Panthers : 3.
13:59 of 2nd period - Henrik Zetterberg wins face-off versus Maxim Afinogenov in neutral zone.
14:06 of 2nd period - Shot by Henrik Zetterberg.
14:06 of 2nd period - Deflect By Martin Havlat.
14:06 of 2nd period - Shot Blocked by Nick Schultz.
14:08 of 2nd period - Shot by Martin Havlat.
14:08 of 2nd period - Shot Misses the Net.
14:12 of 2nd period - Shot by Henrik Zetterberg.
14:12 of 2nd period - Stopped by Niklas Backstrom without a rebound.
14:13 of 2nd period - Henrik Zetterberg wins face-off versus Maxim Afinogenov in Panthers zone.
14:34 of 2nd period - Shot by Martin Havlat.
14:34 of 2nd period - Shot Blocked by Nick Schultz.
14:36 of 2nd period - Shot by Martin Havlat.
14:36 of 2nd period - Stopped by Niklas Backstrom without a rebound.
14:37 of 2nd period - Bryan Little wins face-off versus Johan Franzen in Panthers zone.
14:44 of 2nd period - Icing by Mark Streit.
14:45 of 2nd period - Mike Knuble wins face-off versus Johan Franzen in Sabres zone.
15:43 of 2nd period - Minor Penalty to Marc Methot for Interference.
15:43 of 2nd period - Minor Penalty to Mike Fisher for High sticking.
15:44 of 2nd period - Henrik Zetterberg wins face-off versus Anze Kopitar in Panthers zone.
15:51 of 2nd period - Shot by Martin Havlat.
15:51 of 2nd period - Shot Blocked by Christian Ehrhoff.
16:16 of 2nd period - Shot by Patrick O'Sullivan.
16:16 of 2nd period - Shot Blocked by Nicklas Lidstrom.
16:20 of 2nd period - Shot by Anze Kopitar.
16:20 of 2nd period - Stopped by Ryan Miller without a rebound.
16:21 of 2nd period - Bryan Little wins face-off versus Johan Franzen in Sabres zone.
16:43 of 2nd period - Shot by Johan Franzen.
16:43 of 2nd period - Stopped by Niklas Backstrom without a rebound.
16:44 of 2nd period - Henrik Zetterberg wins face-off versus Anze Kopitar in Panthers zone.
16:52 of 2nd period - Off-side.
16:53 of 2nd period - Patrick O'Sullivan wins face-off versus Johan Franzen in neutral zone.
17:07 of 2nd period - Anze Kopitar is hit by Keith Ballard and loses puck.
17:44 of 2nd period - Jim Slater is hit by Paul Gaustad and loses puck.
18:08 of 2nd period - Toni Lydman is hit by Jaroslav Spacek and loses puck.
18:24 of 2nd period - Icing by Ossi Vaananen.
18:25 of 2nd period - Josh Bailey wins face-off versus Mike Fisher in Sabres zone.
18:55 of 2nd period - Josh Bailey is hit by Toni Lydman and loses puck.
19:11 of 2nd period - Minor Penalty to Paul Gaustad for Roughing.
19:12 of 2nd period - Andy McDonald wins face-off versus Henrik Zetterberg in Sabres zone.
19:13 of 2nd period - Shot by Brent Burns.
19:13 of 2nd period - Stopped by Ryan Miller without a rebound.
19:14 of 2nd period - Henrik Zetterberg wins face-off versus Andy McDonald in Sabres zone.
19:25 of 2nd period - Shot by Bryan Little.
19:25 of 2nd period - Stopped by Ryan Miller without a rebound.
19:26 of 2nd period - Anze Kopitar wins face-off versus Johan Franzen in Sabres zone.
19:31 of 2nd period - Shot by Mike Knuble.
19:31 of 2nd period - Shot Misses the Net.
19:56 of 2nd period - Zdeno Chara is hit by Mike Knuble.

Period #3

0:01 of 3rd period - Henrik Zetterberg wins face-off versus Anze Kopitar in neutral zone.
0:32 of 3rd period - Shot by Christian Ehrhoff.
0:32 of 3rd period - Shot Blocked by Keith Ballard.
0:36 of 3rd period - Shot by Jaroslav Spacek.
0:36 of 3rd period - Stopped by Ryan Miller without a rebound.
0:37 of 3rd period - Maxim Afinogenov wins face-off versus Henrik Zetterberg in Sabres zone.
0:45 of 3rd period - Minor Penalty to Martin Havlat for Tripping.
0:46 of 3rd period - Andy McDonald wins face-off versus Henrik Zetterberg in Sabres zone.
1:18 of 3rd period - Shot by Marc Methot.
1:18 of 3rd period - Shot Blocked by Johan Franzen.
2:50 of 3rd period - Shot by Nathan Horton.
2:50 of 3rd period - Stopped by Niklas Backstrom with a rebound.
2:52 of 3rd period - Shot by Mike Fisher.
2:52 of 3rd period - Shot Blocked by Jaroslav Spacek.
2:54 of 3rd period - Shot by Paul Gaustad.
2:54 of 3rd period - Stopped by Niklas Backstrom without a rebound.
2:55 of 3rd period - Nathan Horton wins face-off versus Michael Peca in Panthers zone.
2:55 of 3rd period - Nathan Horton is hit by Craig Rivet.
3:11 of 3rd period - Shot by Steven Goertzen.
3:11 of 3rd period - Stopped by Ryan Miller with a rebound.
3:17 of 3rd period - Craig Rivet is hit by Paul Gaustad.
3:53 of 3rd period - Minor Penalty to Tuomo Ruutu for Hooking.
3:54 of 3rd period - Anze Kopitar wins face-off versus Johan Franzen in Sabres zone.
4:21 of 3rd period - Shot by Mike Knuble.
4:21 of 3rd period - Goal by Mike Knuble - Sabres : 2 - Panthers : 4.
4:22 of 3rd period - Maxim Afinogenov wins face-off versus Henrik Zetterberg in neutral zone.
4:33 of 3rd period - Shot by Martin Havlat.
4:33 of 3rd period - Shot Blocked by Nick Schultz.
4:37 of 3rd period - Shot by Henrik Zetterberg.
4:37 of 3rd period - Shot Misses the Net.
4:42 of 3rd period - Minor Penalty to Tuomo Ruutu for Tripping.
4:43 of 3rd period - Johan Franzen wins face-off versus Anze Kopitar in Sabres zone.
5:36 of 3rd period - Icing by Marc Methot.
5:37 of 3rd period - Henrik Zetterberg wins face-off versus Andy McDonald in Panthers zone.
6:40 of 3rd period - Shot by Bryan Little.
6:40 of 3rd period - Deflect By Maxim Afinogenov.
6:40 of 3rd period - Shot Misses the Net.
6:56 of 3rd period - Shot by Mike Fisher.
6:56 of 3rd period - Stopped by Niklas Backstrom without a rebound.
6:57 of 3rd period - Michael Peca wins face-off versus Mike Fisher in Panthers zone.
7:17 of 3rd period - Minor Penalty to Toni Lydman for Cross-checking.
7:18 of 3rd period - Johan Franzen wins face-off versus Andy McDonald in Sabres zone.
7:39 of 3rd period - Shot by Bryan Little.
7:39 of 3rd period - Shot Misses the Net.
7:55 of 3rd period - Off-side.
7:56 of 3rd period - Josh Bailey wins face-off versus Henrik Zetterberg in neutral zone.
8:15 of 3rd period - Shot by Christian Ehrhoff.
8:15 of 3rd period - Shot Blocked by Mark Streit.
8:17 of 3rd period - Shot by Mike Knuble.
8:17 of 3rd period - Stopped by Ryan Miller without a rebound.
8:18 of 3rd period - Henrik Zetterberg wins face-off versus Anze Kopitar in Sabres zone.
9:27 of 3rd period - Shot by Andy McDonald.
9:27 of 3rd period - Deflect By Bryan Little.
9:27 of 3rd period - Stopped by Ryan Miller without a rebound.
9:28 of 3rd period - Mike Fisher wins face-off versus Michael Peca in Sabres zone.
9:28 of 3rd period - Mike Fisher is hit by Steven Goertzen.
9:34 of 3rd period - Michael Peca is hit by Mike Fisher and loses puck.
9:46 of 3rd period - Minor Penalty to Ossi Vaananen for Hooking.
9:47 of 3rd period - Henrik Zetterberg wins face-off versus Andy McDonald in Sabres zone.
11:15 of 3rd period - Zdeno Chara is hit by Steven Goertzen and loses puck.
11:50 of 3rd period - Shot by Josh Bailey.
11:50 of 3rd period - Stopped by Ryan Miller without a rebound.
11:51 of 3rd period - Michael Peca wins face-off versus Mike Fisher in Sabres zone.
11:58 of 3rd period - Shot by Michael Peca.
11:58 of 3rd period - Shot Blocked by Toni Lydman.
12:02 of 3rd period - Shot by Christian Ehrhoff.
12:02 of 3rd period - Stopped by Ryan Miller without a rebound.
12:03 of 3rd period - Josh Bailey wins face-off versus Mike Fisher in Sabres zone.
12:10 of 3rd period - Shot by Patrick O'Sullivan.
12:10 of 3rd period - Shot Blocked by Toni Lydman.
12:35 of 3rd period - Minor Penalty to Ossi Vaananen for Interference.
12:36 of 3rd period - Henrik Zetterberg wins face-off versus Anze Kopitar in Sabres zone.
12:36 of 3rd period - Henrik Zetterberg is hit by Mike Knuble.
13:29 of 3rd period - Icing by Craig Rivet.
13:30 of 3rd period - Henrik Zetterberg wins face-off versus Patrick O'Sullivan in Panthers zone.
14:04 of 3rd period - Shot by Christian Ehrhoff.
14:04 of 3rd period - Stopped by Ryan Miller without a rebound.
14:05 of 3rd period - Andy McDonald wins face-off versus Johan Franzen in Sabres zone.
14:26 of 3rd period - Shot by Anze Kopitar.
14:26 of 3rd period - Shot Misses the Net.
14:57 of 3rd period - Shot by Paul Gaustad.
14:57 of 3rd period - Deflect By Nathan Horton.
14:57 of 3rd period - Stopped by Niklas Backstrom without a rebound.
14:58 of 3rd period - Henrik Zetterberg wins face-off versus Josh Bailey in Panthers zone.
15:15 of 3rd period - Shot by Henrik Zetterberg.
15:15 of 3rd period - Shot Blocked by Marc Methot.
16:51 of 3rd period - Shot by Anze Kopitar.
16:51 of 3rd period - Stopped by Ryan Miller without a rebound.
16:52 of 3rd period - Andy McDonald wins face-off versus Thomas Vanek in Sabres zone.
17:13 of 3rd period - Shot by Bryan Little.
17:13 of 3rd period - Shot Misses the Net.
18:37 of 3rd period - Shot by Michael Peca.
18:37 of 3rd period - Stopped by Ryan Miller without a rebound.
18:38 of 3rd period - Mike Fisher wins face-off versus Maxim Afinogenov in Sabres zone.
18:40 of 3rd period - Icing by Nathan Horton.
18:41 of 3rd period - Mike Fisher wins face-off versus Andy McDonald in Sabres zone.
18:47 of 3rd period - Off-side.
18:48 of 3rd period - Mike Fisher wins face-off versus Josh Bailey in neutral zone.
18:48 of 3rd period - Ossi Vaananen is hit by Jason Chimera and loses puck.
18:53 of 3rd period - Marc Methot is hit by Mike Fisher.
19:08 of 3rd period - Icing by Jason Smith.
19:09 of 3rd period - Josh Bailey wins face-off versus Derek Roy in Panthers zone.
19:55 of 3rd period - Icing by Craig Rivet.
19:56 of 3rd period - Maxim Afinogenov wins face-off versus Henrik Zetterberg in Panthers zone.


Output by the SimonT Hockey Simulator (STHS) for Stephane Roy -- Original Page W3C XHTML 1.0 Valid